 Dungeon Crawl Stone Soup version 0.22-a0-354-g30dfbe6 (webtiles) character file.

594082 SkyDiva the Hoplite (level 26, 0/259 (260) HPs)
             Began as a Deep Dwarf Fighter on Apr 12, 2018.
             Was an Elder of Trog.
             Engulfed by an ushabti's foul pestilence (7 damage)
             ... on level 2 of the Tomb of the Ancients on Apr 16, 2018.
             The game lasted 04:34:57 (54391 turns).

SkyDiva the Hoplite (Deep Dwarf Fighter)           Turns: 54391, Time: 04:34:57

HP:   0/259 (260)   AC: 40    Str: 33      XL:     26   Next: 29%
MP:   25/25         EV: 29    Int:  6      God:    Trog [****..]
Gold: 2037          SH: 26    Dex: 25 (30) Spells: 25/25 levels left

rFire    + . .     SeeInvis .   G - +10 morningstar "Eos" {elec, Halo rElec}
rCold    + . .     Gourm    +   H - +5 shield {AC+3}
rNeg     + . .     Faith    .   u - +6 ice dragon scales "Katuure" {rPois rF- rC++ Int-5 Dex+7}
rPois    +         Spirit   .   C - +2 helmet
rElec    +         Reflect  .   v - +2 cloak
rCorr    .         Harm     .   S - +1 pair of gloves of Grottiness {rF+ Regen+}
MR       +++..                  b - +2 pair of boots
Stlth    ..........             K - amulet of the gourmand
HPRegen  0.00/turn              I - ring "Rywu" {Fire Str+6 Dex+4}
MPRegen  0.19/turn              A - +4 ring of dexterity

@: about to teleport, very slightly contaminated, non-regenerating, hasted and
slowed, glowing
A: damage resistance, heal wounds, high mp 1, negative energy resistance 1,
sense surroundings 3, no regeneration
}: 3/15 runes: decaying, serpentine, silver
a: Heal Wounds, Berserk, Trog's Hand, Brothers in Arms, Renounce Religion


You were on level 2 of the Tomb of the Ancients.
You worshipped Trog.
Trog was greatly pleased with you.
You were completely stuffed.

You visited 9 branches of the dungeon, and saw 44 of its levels.
You visited 1 bazaar.
You also visited: Trove, Ossuary and Desolation.

You collected 6183 gold pieces.
You spent 4146 gold pieces at shops.

Inventory:

Hand Weapons
 w - a +2 vampiric whip
 G - the +10 morningstar "Eos" (weapon) {elec, Halo rElec}
   (You took it off an ironheart preserver on level 5 of the Vaults)

   Occasionally, upon striking a foe, it will discharge some electrical energy
   and cause terrible harm.
   It insulates you from electricity.
Armour
 b - a +2 pair of boots (worn)
 u - the +6 ice dragon scales "Katuure" (worn) {rPois rF- rC++ Int-5 Dex+7}
   (You bought it in a shop on level 14 of the Dungeon)

   It affects your intelligence (-5).
   It affects your dexterity (+7).
   It makes you vulnerable to fire.
   It greatly protects you from cold.
   It protects you from poison.
 v - a +2 cloak (worn)
 C - a +2 helmet (worn)
 H - a +5 shield of protection (worn)
 S - the +1 pair of gloves of Grottiness (worn) {rF+ Regen+}
   (You found it on level 3 of the Elven Halls)

   It protects you from fire.
   It increases your rate of regeneration.
Jewellery
 a - an uncursed ring of resist corrosion
 x - the amulet "Xoibax" {Harm *Drain Int+4 Dex+4}
   (You found it in the Desolation of Salt)

   [amulet of harm]

   It increases damage dealt and taken.
   It affects your intelligence (+4).
   It affects your dexterity (+4).
   It causes draining when unequipped.
 A - a +4 ring of dexterity (right hand)
 I - the ring "Rywu" (left hand) {Fire Str+6 Dex+4}
   (You bought it in a shop on level 2 of the Orcish Mines)

   [ring of fire]

   It enhances your fire magic.
   It affects your strength (+6).
   It affects your dexterity (+4).
   It protects you from fire.
   It makes you vulnerable to cold.
 K - an amulet of the gourmand (around neck)
Wands
 g - a wand of acid (9)
 k - a wand of digging (76)
 O - a wand of iceblast (42)
Scrolls
 d - 5 scrolls of teleportation
 m - 8 scrolls of magic mapping
 n - 23 scrolls of remove curse
 s - 3 scrolls of silence
 D - 3 scrolls of fear
 J - 2 scrolls of identify
 R - 5 scrolls of blinking
 Y - 3 scrolls of fog
Potions
 h - 8 potions of agility
 i - 13 potions of curing
 j - 5 potions of invisibility
 l - 2 potions of might
 o - 8 potions of flight
 r - 7 potions of lignification
 z - a potion of berserk rage
 B - 3 potions of resistance
 P - 2 potions of haste
 X - 3 potions of cancellation
 Z - 2 potions of brilliance
Miscellaneous
 c - a lamp of fire
 q - 2 boxes of beasts
 y - 5 sacks of spiders
 F - a phial of floods
 M - a lightning rod (4/4)
 Q - 4 phantom mirrors
 V - a fan of gales
Comestibles
 f - 68 rations


   Skills:
 * Level 19.8 Fighting
   Level 8.1(15.0) Axes
 + Level 18.1(18.5) Maces & Flails
 * Level 18.9 Armour
 * Level 19.1 Dodging
 + Level 26.2 Shields
 + Level 1.0 Evocations


You had 25 spell levels left.
You didn't know any spells.

Dungeon Overview and Level Annotations

Branches:
Dungeon (15/15)            Temple (0/1) D:5            Lair (6/6) D:10
  Swamp (4/4) Lair:4        Snake (4/4) Lair:4        Slime (0/5) Lair:5
    Orc (2/2) D:9             Elf (3/3) Orc:2        Vaults (5/5) D:13
  Crypt (3/3) Vaults:3       Tomb (2/3) Crypt:3      Depths (0/5) D:15

Altars:
Ashenzari
Cheibriados
Dithmenos
Elyvilon
Fedhas
Gozag
Kikubaaqudgha
Makhleb
Okawaru
Trog
Uskayaw
Wu Jian
Yredelemnul
The Shining One
Beogh

Shops:
D:6 *(*:%   D:11 !   D:14 [*[   Orc:1 *   Orc:2 *=}*[*[**   Elf:1 [!((
Vaults:1 }   Vaults:2 :   Vaults:3 %

Portals:
Pandemonium: Orc:2


Innate Abilities, Weirdness & Mutations

You are resistant to damage.
You can heal yourself by infusing magical energy.
You resist negative energy. (rN+)
You passively map a large area around you.
You do not regenerate.
You have an increased reservoir of magic. (+10% MP)


Message History

You are engulfed in dark miasma.
You feel your flesh rotting away!
You feel as though you will be slow longer.
* * * LOW HITPOINT WARNING * * *
The death scarab disappears in a puff of smoke!
You block the death scarab's attack.
The greater mummy gestures wildly while chanting.
The greater mummy casts a spell.
As you read the scroll of teleportation, it crumbles to dust.
You feel strangely unstable.
You are engulfed in dark miasma.
You feel as though you will be slow longer.
The death scarab closely misses you. You block the greater mummy's attack.
The ushabti shakes and rattles deafeningly!
You block the guardian mummy's attack.
The bennu jubilantly flits about.
You hear a hideous shriek! x2
You feel better.
You are engulfed in dark miasma.
You feel your flesh rotting away!
You feel as though you will be slow longer.
You die...

, +.....##...Z.....#
* #ZZ...##S........#
,#SW..VW.Z.........
, #Sb#M8WZ...Z8.....
,,#z##WVMMMZ........
#s#MW.MM8§..1.....
,,
#Lb.§ML8M....M.... *
,#s#.s.M.M.........
, ,,
#@##MM{........... *
,#MM#s.Z...........
* #Zs8n.......M)....
, #ssM..##.........#
#.....##.........# ,
, #.....z...........
* *#.......M *, ,
#........, * ,


You could see 3 greater mummies, 4 emperor scorpions, a lich, 2 bennus, an
ancient champion, a skeletal warrior, a jiangshi, a flayed ghost, 2 mana vipers,
a guardian mummy, 2 ushabtiu, a freezing wraith, a wraith, a death scarab, a
necrophage, 2 mummies, a troll simulacrum, an anaconda skeleton and a spiny frog
skeleton.

Vanquished Creatures
  An ancient lich (Vaults:5)
  Mennas (Vaults:2)
  Mara (Crypt:2)
  2 greater mummies (Tomb:1)
  Sojobo (Crypt:3)
  Bai Suzhen (Vaults:2)
  Frederick (Crypt:2)
  the Lernaean hydra (Swamp:4)
  Xtahua (Crypt:2)
  Jory (Crypt:3)
  A golden dragon (Vaults:5)
  A profane servitor (Crypt:3)
  A bone dragon (Crypt:3)
  Jorgrun (Snake:3)
  3 liches
  3 tentacled monstrosities (Vaults:5)
  2 shard shrike skeletons (Crypt:2)
  A titan (Vaults:5)
  2 deep elf master archers (Elf:2)
  Frances (D:14)
  4 deep elf blademasters (Elf:2)
  9 ancient champions
  8 sphinxes
  3 thorn hunters
  2 storm dragons
  2 shadow dragons (Vaults:5)
  Kirke (D:15)
  3 revenants
  7 tengu reavers
  Donald (Snake:1)
  10 nagarajas
  A fire giant (shapeshifter) (Vaults:5)
  12 fire giants
  4 frost giants
  An iron dragon (Vaults:5)
  5 imperial myrmidons (Desolation)
  9 deep elf sorcerers
  Aizul (Snake:1)
  2 orc warlords
  18 vault wardens
  9 ghouls
  6 deep elf elementalists
  6 very ugly things
  17 ironheart preservers
  11 stone giants
  2 entropy weavers
  5 vampire knights
  2 war gargoyles (Vaults:5)
  9 deep elf demonologists
  A halazid warlock (Desolation)
  Azrael (Snake:2)
  10 deep elf annihilators
  3 ettins
  A fire dragon (Vaults:1)
  8 eidola
  10 mummy priests
  2 crystal guardians
  10 deep elf death magi
  30 slime creatures
  19 ogre magi
  Josephine (Snake:1)
  A quicksilver dragon zombie (Crypt:1)
  7 ragged hierophants (Desolation)
  4 deep elf high priests
  8 peacekeepers (Desolation)
  2 great orbs of eyes
  2 ice dragons
  Erolcha (D:12)
  7 jiangshi (Crypt:3)
  A rakshasa (Vaults:1)
  16 yaktaur captains
  27 hydras
  2 catoblepae
  4 servants of whispers (Desolation)
  Harold (Lair:3)
  13 naga warriors
  5 anacondas
  33 vault guards
  6 death knights
  40 two-headed ogres
  12 centaur warriors
  A ghost crab (Swamp:4)
  25 dancing weapons
  8 vampire magi
  9 death scarabs (Tomb:1)
  7 orc high priests
  A titan zombie (Crypt:1)
  6 alligators
  A small abomination (Vaults:3)
  2 tengu warriors
  3 deep troll shamans
  Urug (D:12)
  7 shock serpents
  12 naga sharpshooters
  2 storm dragon zombies
  3 soul eaters
  21 deep elf knights
  2 salamander mystics
  A ghost moth zombie (Crypt:3)
  5 shadow wraiths
  5 flayed ghosts
  3 spriggan druids
  2 unseen horrors
  An anaconda zombie (Crypt:3)
  19 skeletal warriors
  2 glowing orange brains (Vaults:4)
  12 swamp dragons
  12 deep trolls
  2 infernal demonspawn (Orc:2)
  A gelid demonspawn (Orc:2)
  29 orc knights
  9 naga ritualists
  11 phantasmal warriors
  Pikel (D:6)
  19 deep elf archers
  7 necromancers
  A wizard (Vaults:3)
  An anaconda skeleton (Crypt:1)
  9 harpies
  A harpy (shapeshifter) (D:12)
  A sphinx zombie (Vaults:1)
  24 ironbrand convokers
  2 shambling mangroves (Swamp:2)
  A shadow dragon zombie (Vaults:5)
  6 wolf spiders
  29 ugly things
  A lindwurm (Lair:4)
  71 deep elf magi
  4 mana vipers
  A manticore (D:8)
  A faun (shapeshifter) (Vaults:3)
  8 orc sorcerers
  2 dire elephant zombies
  3 oklob plants (Lair:5)
  8 cyclopes
  A shadow dragon skeleton (Crypt:3)
  A moth of wrath (shapeshifter) (Vaults:5)
  An iron dragon skeleton (Tomb:1)
  35 black mambas
  A manticore (shapeshifter) (Vaults:5)
  10 salamanders
  An elephant (Lair:5)
  A water nymph (shapeshifter) (Vaults:1)
  2 rust devils (Orc:2)
  A molten gargoyle (Desolation)
  18 naga magi
  15 vault sentinels
  4 large abominations
  A gargoyle (D:15)
  A titan simulacrum (Crypt:1)
  27 spiny frogs
  A storm dragon simulacrum (Vaults:5)
  A centaur zombie (D:15)
  8 guardian serpents
  A pale draconian zombie (Crypt:1)
  A green draconian zombie (Crypt:1)
  7 rime drakes
  A swamp worm zombie (Crypt:3)
  15 freezing wraiths
  6 komodo dragons
  2 kobold demonologists
  64 yaktaurs
  A red devil (Orc:2)
  A queen bee (Lair:5)
  A queen ant zombie (Crypt:2)
  17 guardian mummies
  5 polar bears
  3 meliai (Lair:5)
  15 tyrant leeches
  15 hornets
  2 jumping spiders
  2 tengu conjurers
  12 trolls
  The ghost of cellescent the Shooter, an amateur DsWn (D:4)
  A raiju (shapeshifter) (D:15)
  38 blink frogs
  3 bog bodies
  A harpy skeleton (D:15)
  Prince Ribbit (D:6)
  2 hydra zombies (Crypt:3)
  46 saltlings (Desolation)
  A meliai zombie (D:14)
  An alligator skeleton (Crypt:2)
  10 hippogriffs
  3 ettin skeletons
  11 flying skulls
  6 spriggans
  66 yaks
  A tarantella (shapeshifter) (D:14)
  3 water elementals
  A spriggan (shapeshifter) (Vaults:1)
  7 shadows
  12 wraiths
  2 wyverns
  5 ushabtiu
  5 vampires (Crypt:3)
  2 redbacks (shapeshifter) (Vaults:5)
  2 redbacks
  A hog (D:15)
  5 basilisks
  A golden eye (shapeshifter) (Vaults:1)
  5 fire elementals
  A black mamba skeleton (Crypt:3)
  A steam dragon (D:10)
  A hungry ghost (D:12)
  A basilisk (shapeshifter) (D:13)
  9 wargs
  28 vampire mosquitoes
  9 swamp worms
  A deep troll zombie (Vaults:1)
  8 insubstantial wisps
  2 acid dragons
  A glowing shapeshifter zombie (Crypt:1)
  90 nagas
  A spiny frog zombie (Crypt:3)
  17 water moccasins
  2 hell hounds (Snake:2)
  A swamp dragon zombie (Crypt:3)
  73 orc warriors
  10 porcupines
  2 torturous demonspawn skeletons
  A dream sheep zombie (Crypt:1)
  A hornet zombie (D:8)
  11 swamp drakes
  4 ice beasts
  4 phantoms
  5 sky beasts
  A slave (D:6)
  An eye of draining (D:11)
  An elephant zombie (Crypt:3)
  51 ogres
  20 wolves
  A boggart (shapeshifter) (Vaults:5)
  29 centaurs
  17 crocodiles
  A hog skeleton (Crypt:2)
  7 big kobolds
  An elf zombie (Elf:1)
  A draconian zombie (Crypt:2)
  2 glowing shapeshifter simulacra
  32 bullfrogs
  A komodo dragon skeleton (Crypt:3)
  A wyvern zombie (D:8)
  A cyclops zombie (Crypt:2)
  A human skeleton (Vaults:1)
  A wyvern skeleton (Crypt:1)
  4 scorpions
  A water moccasin skeleton (D:8)
  A yak zombie (Crypt:3)
  A spriggan zombie (Crypt:1)
  42 killer bees
  7 wights
  5 electric eels
  3 bullfrog zombies
  7 crimson imps
  2 human simulacra (Vaults:1)
  9 jellies
  A quasit (D:13)
  8 hounds
  2 centaur skeletons
  A bullfrog skeleton (D:6)
  2 human zombies
  39 orc priests
  31 orc wizards
  Crazy Yiuf (D:6)
  7 iguanas
  14 worker ants
  A big kobold zombie (Ossuary)
  An acid dragon skeleton (Crypt:3)
  A hound zombie (D:5)
  2 hound skeletons
  23 mummies
  2 worker ant zombies
  A gnoll (D:4)
  A tengu simulacrum (Crypt:1)
  15 adders
  A river rat (Lair:5)
  2 shadow imps
  2 oozes
  An adder zombie (D:6)
  A halfling zombie (Crypt:1)
  9 worms
  A dart slug (D:1)
  5 leopard geckos
  108 orcs
  3 bats
  3 giant cockroaches
  A gnoll zombie (Ossuary)
  8 goblins
  12 hobgoblins
  8 jackals
  37 kobolds
  4 quokkas
  2 ball pythons
  A ball python zombie (D:6)
  A dart slug zombie (Crypt:1)
  6 frilled lizards
  A gnoll skeleton (Crypt:1)
  4 hobgoblin zombies (Ossuary)
  A kobold simulacrum (Crypt:1)
  A kobold skeleton (Crypt:3)
  A kobold zombie (Ossuary)
  A leopard gecko skeleton (D:4)
  An orc skeleton (Crypt:3)
  An orc zombie (Ossuary)
  8 rats
  5 briar patches (Swamp:2)
  A crawling corpse (Elf:3)
  4 plants
2389 creatures vanquished.

Vanquished Creatures (collateral kills)
  2 nagarajas (Snake:4)
  4 naga warriors (Snake:4)
  3 guardian serpents (Snake:4)
  A naga mage (Snake:4)
  A naga (Snake:4)
11 creatures vanquished.

Vanquished Creatures (others)
  2 sphinxes (Tomb:1)
  A deep elf mage (Elf:1)
  A guardian mummy (Tomb:1)
  4 flying skulls (Tomb:2)
  2 ushabtiu (Tomb:1)
  A naga (Snake:4)
  A necrophage (Crypt:2)
  An electric eel (D:10)
  An orc wizard (Vaults:1)
  A mummy (Tomb:2)
  A kobold (D:12)
  3 fungi
  34 plants
53 creatures vanquished.

Grand Total: 2453 creatures vanquished

Notes
Turn   | Place    | Note
-------+----------+-------------------------------------------
     0 | D:1      | SkyDiva the Deep Dwarf Fighter began the quest for the Orb.
     0 | D:1      | Reached XP level 1. HP: 20/20 MP: 1/1
    76 | D:1      | Reached XP level 2. HP: 27/27 MP: 2/2
   451 | D:1      | Reached XP level 3. HP: 27/34 MP: 3/3
   720 | D:2      | Found an ornate altar of the Wu Jian Council.
   794 | D:2      | Reached skill level 1 in Dodging
   794 | D:2      | Reached XP level 4. HP: 18/42 MP: 4/4
  1013 | D:2      | Reached skill level 4 in Shields
  1073 | D:2      | Found a glowing golden altar of the Shining One.
  1786 | D:3      | Reached XP level 5. HP: 35/49 MP: 5/5
  1916 | D:3      | Found an iron altar of Okawaru.
  2377 | D:4      | Found a bloodstained altar of Trog.
  2377 | D:4      | Noticed a moth of wrath
  2392 | D:4      | Became a worshipper of Trog the Wrathful
  2481 | D:4      | Noticed cellescent's ghost (amateur DsWn)
  2495 | D:4      | Killed cellescent's ghost
  2495 | D:4      | Reached skill level 5 in Axes
  2495 | D:4      | Reached XP level 6. HP: 16/56 MP: 6/6
  2562 | D:4      | Found a sand-covered staircase.
  2570 | Ossuary  | Entered an ossuary
  2597 | Ossuary  | Gained mutation: You are frail. (-10% HP) [potion of mutation]
  2597 | Ossuary  | Gained mutation: Your muscles are strong. (Str +2) [potion of mutation]
  2605 | Ossuary  | Reached XP level 7. HP: 33/56 MP: 7/7
  2636 | Ossuary  | Reached * piety under Trog
  2988 | D:5      | Entered Level 5 of the Dungeon
  3107 | D:5      | Reached skill level 5 in Shields
  3196 | D:5      | Found an ancient bone altar of Kikubaaqudgha.
  3241 | D:5      | Found a staircase to the Ecumenical Temple.
  3355 | D:5      | Found a hide-covered altar of Uskayaw.
  3391 | D:5      | Reached XP level 8. HP: 23/64 MP: 8/8
  3721 | D:5      | HP: 2/64 [ice beast (9)]
  3725 | D:5      | Reached skill level 5 in Armour
  3747 | D:6      | Found Yriobul's Book Emporium.
  3833 | D:6      | Got an ichor-stained whip
  3834 | D:6      | Identified the +6 whip "Repet" {slash, rElec rF+ rC+ Dex+3} (You found it on level 6 of the Dungeon)
  3879 | D:6      | Found Jeinann's Food Emporium.
  3971 | D:6      | Reached skill level 1 in Maces & Flails
  3975 | D:6      | Reached skill level 5 in Fighting
  3998 | D:6      | Found a shadowy altar of Dithmenos.
  4029 | D:6      | Found Ifiydgh's Assorted Antiques.
  4033 | D:6      | Reached skill level 6 in Shields
  4039 | D:6      | Reached ** piety under Trog
  4077 | D:6      | Found a blossoming altar of Fedhas.
  4147 | D:6      | Found Qeqem's General Store.
  4152 | D:6      | Noticed Prince Ribbit
  4154 | D:6      | Found Niygugakh's Antique Weapon Emporium.
  4184 | D:6      | Noticed Pikel
  4215 | D:6      | Killed Pikel
  4215 | D:6      | Gained mutation: You passively map the area around you. [Deep Dwarf growth]
  4215 | D:6      | Reached XP level 9. HP: 18/72 MP: 9/9
  4240 | D:6      | Found a runed door.
  4352 | D:6      | Killed Prince Ribbit
  4409 | D:6      | Noticed Crazy Yiuf
  4416 | D:6      | Killed Crazy Yiuf
  4902 | D:7      | Reached skill level 7 in Shields
  5161 | D:7      | Found a shattered altar of Ashenzari.
  5165 | D:7      | Found an opulent altar of Gozag.
  5168 | D:7      | Found a white marble altar of Elyvilon.
  5466 | D:8      | Reached skill level 5 in Maces & Flails
  5488 | D:8      | Reached skill level 5 in Dodging
  5502 | D:8      | You fall through a shaft for 2 floors!
  5502 | D:10     | Entered Level 10 of the Dungeon
  5577 | D:10     | Reached XP level 10. HP: 61/81 MP: 10/10
  5922 | D:10     | Noticed a two-headed ogre
  5932 | D:10     | Killed a two-headed ogre
  5932 | D:10     | Reached skill level 8 in Shields
  6067 | D:10     | Found an ornate altar of the Wu Jian Council.
  6144 | D:8      | Noticed a manticore
  6164 | D:8      | Killed a manticore
  6535 | D:8      | Found a runed door.
  6737 | D:8      | Noticed a tengu warrior
  6753 | D:8      | Killed a tengu warrior
  6753 | D:8      | Reached skill level 9 in Shields
  6753 | D:8      | Reached XP level 11. HP: 89/89 MP: 11/11
  6805 | D:8      | Lost mutation: You are frail. (-10% HP) [potion of mutation]
  6805 | D:8      | Lost mutation: Your muscles are strong. (Str +2) [potion of mutation]
  6805 | D:8      | Gained mutation: You have large cloven feet. [potion of mutation]
  6863 | D:8      | Noticed a two-headed ogre
  6905 | D:8      | Killed a two-headed ogre
  6923 | D:8      | Found a runed door.
  7275 | D:9      | Found a burning altar of Makhleb.
  7336 | D:9      | Found a roughly hewn altar of Beogh.
  7506 | D:9      | Found a staircase to the Orcish Mines.
  7619 | D:9      | Reached *** piety under Trog
  7776 | D:9      | Found a snail-covered altar of Cheibriados.
  8052 | D:10     | Found a staircase to the Lair.
  8268 | D:11     | Noticed a white ugly thing
  8282 | D:11     | Killed a white ugly thing
  8454 | D:11     | Found Weireim's Distillery.
  8504 | D:11     | Bought a potion of heal wounds for 70 gold pieces
  8504 | D:11     | Bought a potion of mutation for 112 gold pieces
  8504 | D:11     | Lost mutation: You have large cloven feet. [potion of mutation]
  8504 | D:11     | Gained mutation: Armour fits poorly on your strangely shaped body. [potion of mutation]
  8504 | D:11     | Gained mutation: You are resistant to hostile enchantments. (MR+) [potion of mutation]
  8504 | D:11     | Gained mutation: Your mind is acute. (Int +2) [potion of mutation]
  8692 | D:11     | Reached skill level 10 in Shields
  8767 | D:11     | Killed an unseen horror
  8985 | D:12     | Found a hide-covered altar of Uskayaw.
  8985 | D:12     | Noticed an orc knight
  8997 | D:12     | Noticed a two-headed ogre
  8997 | D:12     | Noticed a brown ugly thing
  8998 | D:12     | Noticed Erolcha
  9073 | D:11     | Killed a brown ugly thing
  9163 | D:12     | Noticed a red ugly thing
  9168 | D:12     | Noticed a deep elf mage
  9186 | D:12     | Found a flickering gateway to a bazaar.
  9200 | Bazaar   | Entered a bazaar
  9211 | Bazaar   | Found Elyerot's General Store.
  9260 | Bazaar   | Found Qykh's Weapon Shop.
  9269 | Bazaar   | Found Coqaubb's Armour Shoppe.
  9311 | Bazaar   | Found Weur's Assorted Antiques.
  9360 | Bazaar   | Bought a +4 ring of evasion for 396 gold pieces
  9414 | D:12     | Noticed a six-headed hydra
  9424 | D:12     | Killed a six-headed hydra
  9550 | D:12     | Killed an orc knight
  9550 | D:12     | Reached XP level 12. HP: 86/109 MP: 12/12
  9610 | D:12     | Killed a two-headed ogre
  9658 | D:12     | Reached skill level 11 in Shields
  9696 | D:12     | Reached skill level 10 in Maces & Flails
  9802 | D:12     | Noticed Urug
  9821 | D:12     | Killed Urug
  9935 | D:12     | Killed Erolcha
 10353 | D:13     | Reached **** piety under Trog
 10386 | D:13     | Found a gate to the Vaults.
 10386 | D:13     | Noticed a vault guard
 10386 | D:13     | Noticed a vault guard
 10386 | D:13     | Noticed a vault guard
 10391 | D:13     | Noticed a vault guard
 10411 | D:13     | Killed a vault guard
 10417 | D:13     | Killed a vault guard
 10431 | D:13     | Killed a vault guard
 10462 | D:13     | Killed a vault guard
 10562 | D:13     | Reached skill level 12 in Shields
 11051 | Lair:1   | Entered Level 1 of the Lair of Beasts
 11121 | Lair:1   | Reached XP level 13. HP: 87/117 MP: 13/13
 11166 | Lair:1   | Reached skill level 10 in Armour
 11401 | Lair:1   | Received a gift from Trog
 11872 | Lair:1   | Found the +8 whip "Snakebite" {curare, rPois}
 12876 | Lair:3   | Got a dazzling falchion
 12877 | Lair:3   | Identified the +8 falchion "Widowmaker" {slice, *Rage +Blink rN+ Str+4} (You found it on level 3 of the Lair of Beasts)
 12949 | Lair:3   | Reached skill level 13 in Shields
 13076 | Lair:3   | Noticed Harold
 13087 | Lair:3   | Killed Harold
 13935 | Lair:4   | Found a staircase to the Swamp.
 13958 | Lair:4   | Found a staircase to the Snake Pit.
 14251 | Lair:4   | Gained mutation: You resist negative energy. (rN+) [Deep Dwarf growth]
 14251 | Lair:4   | Reached XP level 14. HP: 79/129 MP: 14/14
 14636 | Lair:4   | Reached skill level 14 in Shields
 14787 | Lair:4   | Found an opulent altar of Gozag.
 15324 | Lair:5   | Reached ***** piety under Trog
 15448 | Lair:5   | Found a staircase to the Slime Pits.
 16230 | Lair:6   | Entered Level 6 of the Lair of Beasts
 16495 | Lair:6   | Reached skill level 15 in Shields
 16643 | Lair:6   | Reached skill level 10 in Fighting
 16676 | Lair:6   | Reached skill level 10 in Dodging
 17106 | Lair:6   | Reached XP level 15. HP: 119/138 MP: 15/15
 17112 | Lair:6   | Got a pitted scale mail
 17133 | Lair:6   | Identified the +5 scale mail of Hospitality {rPois rC++ Int-3 SInv} (You found it on level 6 of the Lair of Beasts)
 17454 | Lair:6   | Upgraded the game from 0.22-a0-348-gd16d139 to 0.22-a0-351-g29664b4
 17644 | Orc:1    | Entered Level 1 of the Orcish Mines
 17797 | Orc:1    | Found a burning altar of Makhleb.
 17998 | Orc:1    | Found Vehiaguh's General Store.
 18364 | Orc:2    | Entered Level 2 of the Orcish Mines
 18364 | Orc:2    | Noticed an orc warlord
 18399 | Orc:1    | Killed an orc warlord
 18512 | Orc:2    | Found Dyci's General Store.
 18634 | Orc:2    | Found Cociru's Jewellery Emporium.
 18657 | Orc:2    | Reached skill level 16 in Shields
 18672 | Orc:2    | Bought the ring "Rywu" {Fire Str+6 Dex+4} for 848 gold pieces
 18705 | Orc:2    | Noticed an orc warlord
 18818 | Orc:2    | Killed an orc warlord
 18891 | Orc:2    | Found Uvoetsur's General Store.
 18894 | Orc:2    | Found Waahy's General Store.
 18901 | Orc:2    | Received a gift from Trog
 19396 | Orc:2    | Found Gerown's General Store.
 19405 | Orc:2    | Bought a +1 helmet for 149 gold pieces
 19564 | Orc:2    | Found Sat Ifir's Antique Armour Emporium.
 19564 | Orc:2    | Found Isel's Gadget Shoppe.
 19564 | Orc:2    | Found a one-way gate leading to the halls of Pandemonium.
 19570 | Orc:2    | Bought a twisted scale mail for 252 gold pieces
 19580 | Orc:2    | Identified the +5 scale mail of the Solstice {*Slow Str+3 Dex+4 Stlth+} (You bought it in a shop on level 2 of the Orcish Mines)
 19834 | Snake:1  | Entered Level 1 of the Snake Pit
 19890 | Snake:1  | Noticed Aizul
 19936 | Snake:1  | Killed Aizul
 20131 | Snake:1  | Noticed Josephine
 20151 | Snake:1  | Killed Josephine
 20358 | Snake:1  | Reached skill level 17 in Shields
 20413 | Snake:1  | Noticed Donald
 20422 | Snake:1  | Killed Donald
 20526 | Snake:1  | Lost mutation: Armour fits poorly on your strangely shaped body. [potion of mutation]
 20526 | Snake:1  | Lost mutation: Your mind is acute. (Int +2) [potion of mutation]
 20526 | Snake:1  | Gained mutation: You are dopey. (Int -2) [potion of mutation]
 20526 | Snake:1  | Gained mutation: Your body sometimes deteriorates upon taking damage. [potion of mutation]
 20526 | Snake:1  | Gained mutation: Your spells are a little easier to cast, but a little less powerful. [potion of mutation]
 20526 | Snake:1  | Gained mutation: You passively map a large area around you. [potion of mutation]
 20527 | Snake:1  | Lost mutation: Your body sometimes deteriorates upon taking damage. [potion of mutation]
 20527 | Snake:1  | Gained mutation: You are robust. (+10% HP) [potion of mutation]
 20527 | Snake:1  | Gained mutation: Your movements are slightly less encumbered by armour. (ER -2) [potion of mutation]
 20964 | Snake:2  | Noticed Azrael
 21023 | Snake:2  | Killed Azrael
 21814 | Snake:3  | Noticed Jorgrun
 21844 | Snake:3  | Killed Jorgrun
 21844 | Snake:3  | Reached XP level 16. HP: 76/162 MP: 16/16
 22660 | Snake:3  | Reached skill level 18 in Shields
 23223 | Snake:3  | Upgraded the game from 0.22-a0-351-g29664b4 to 0.22-a0-352-gc608dd7
 23246 | Snake:4  | Entered Level 4 of the Snake Pit
 23843 | Snake:4  | Reached skill level 19 in Shields
 24006 | Snake:4  | Reached XP level 17. HP: 58/173 MP: 17/17
 24028 | Snake:4  | Received a gift from Trog
 24040 | Snake:4  | HP: 7/173 [nagaraja/orb of energy (31)]
 24043 | Snake:4  | HP: 3/173 [poisoned by a naga mage (splash of poison)]
 24147 | Snake:4  | Got a serpentine rune of Zot
 25550 | Vaults:1 | Entered Level 1 of the Vaults
 25594 | Vaults:1 | Reached skill level 20 in Shields
 25910 | Vaults:1 | Received a gift from Trog
 26567 | Vaults:1 | Mutation became permanent: You passively map the area around you. [Deep Dwarf growth]
 26567 | Vaults:1 | Gained mutation: You passively map a large area around you. [Deep Dwarf growth]
 26567 | Vaults:1 | Reached XP level 18. HP: 185/185 MP: 18/18
 26648 | Vaults:1 | Found Heimu's Gadget Shoppe.
 26851 | Vaults:1 | Lost mutation: You are robust. (+10% HP) [potion of mutation]
 26851 | Vaults:1 | Lost mutation: Your movements are slightly less encumbered by armour. (ER -2) [potion of mutation]
 26851 | Vaults:1 | Gained mutation: Your flesh is heat resistant. (rF+) [potion of mutation]
 27755 | Vaults:2 | Noticed Bai Suzhen
 27788 | Vaults:2 | Killed Bai Suzhen
 27808 | Vaults:2 | Reached skill level 21 in Shields
 27934 | Vaults:2 | Noticed Mennas
 28039 | Vaults:2 | Killed Mennas
 28393 | Vaults:2 | Got a transparent ring mail
 28404 | Vaults:2 | Identified the +2 ring mail "Sergh" {Str+3} (You found it on level 2 of the Vaults)
 28662 | Vaults:2 | Found Kasac's Book Shop.
 29600 | Vaults:3 | Reached XP level 19. HP: 159/178 MP: 19/19
 29849 | Vaults:3 | Found Myerch's Food Shop.
 29927 | Vaults:3 | Received a gift from Trog
 29958 | Vaults:3 | Reached skill level 22 in Shields
 30574 | Vaults:3 | Found a basalt altar of Yredelemnul.
 30577 | Vaults:3 | Found a staircase to the Crypt.
 30599 | Vaults:3 | Found an ancient bone altar of Kikubaaqudgha.
 31584 | Vaults:4 | Lost mutation: Your flesh is heat resistant. (rF+) [potion of mutation]
 31584 | Vaults:4 | Lost mutation: You are resistant to hostile enchantments. (MR+) [potion of mutation]
 31584 | Vaults:4 | Lost mutation: You are dopey. (Int -2) [potion of mutation]
 31584 | Vaults:4 | Gained mutation: You are weak. (Str -2) [potion of mutation]
 31584 | Vaults:4 | Gained mutation: You can translocate small distances at will. [potion of mutation]
 31924 | Vaults:4 | Reached skill level 15 in Armour
 31924 | Vaults:4 | Reached XP level 20. HP: 51/192 MP: 20/20
 32041 | Vaults:4 | Reached skill level 15 in Maces & Flails
 32475 | Vaults:4 | Found a portal to a secret trove of treasure.
 33535 | Vaults:5 | Entered Level 5 of the Vaults
 33569 | Vaults:5 | Received a gift from Trog
 33640 | Vaults:5 | Reached skill level 15 in Fighting
 33801 | Vaults:5 | Reached skill level 23 in Shields
 34059 | Vaults:5 | Reached skill level 15 in Dodging
 34135 | Vaults:5 | Noticed a golden dragon
 34160 | Vaults:5 | Killed a golden dragon
 34280 | Vaults:5 | Noticed a golden dragon
 34280 | Vaults:5 | an acid blob changed into a golden dragon
 34282 | Vaults:5 | a golden dragon changed into an iron giant
 34337 | Vaults:5 | Received a gift from Trog
 34345 | Vaults:5 | Got an ancient mace {god gift}
 34346 | Vaults:5 | Identified the +0 mace "Xuneatua" {drain, rN+} (Trog gifted it to you on level 5 of the Vaults)
 34393 | Vaults:5 | Reached XP level 21. HP: 102/202 MP: 10/21
 34998 | Vaults:5 | Got a bloodstained chain mail
 35009 | Vaults:5 | Identified the +2 chain mail "Pevuecug" {rCorr Int+4} (You found it on level 5 of the Vaults)
 35359 | Vaults:5 | Received a gift from Trog
 35416 | Vaults:5 | Got a silver rune of Zot
 35421 | Vaults:5 | Got a faintly humming ring mail
 35432 | Vaults:5 | Identified the +4 ring mail of Plog {MR+} (You found it on level 5 of the Vaults)
 35787 | Vaults:5 | Got a faintly glowing hand crossbow
 35789 | Vaults:5 | Identified the +3 hand crossbow of Izxis {venom, *Contam +Inv rPois SInv} (You found it on level 5 of the Vaults)
 35876 | Vaults:5 | Got a smoking scale mail
 35891 | Vaults:5 | Identified the +1 scale mail of Weightlessness {Dex+4} (You found it on level 5 of the Vaults)
 36423 | Vaults:5 | Noticed an ancient lich
 36444 | Vaults:5 | Killed an ancient lich
 36610 | Vaults:5 | Got a faintly glowing ring mail
 36613 | Vaults:5 | Identified the +2 ring mail of Midwinter {Dex-4 Slay+6} (You found it on level 5 of the Vaults)
 37350 | D:13     | Upgraded the game from 0.22-a0-352-gc608dd7 to 0.22-a0-353-g2d6336e
 37485 | D:14     | Found Tioroefu's Antique Armour Shop.
 37493 | D:14     | Bought twisted ice dragon scales for 1950 gold pieces
 37493 | D:14     | Identified the +6 ice dragon scales "Katuure" {rPois rF- rC++ Int-5 Dex+7} (You bought it in a shop on level 14 of the Dungeon)
 37514 | D:14     | Found Jisenon's General Store.
 37530 | D:14     | Bought a scroll of enchant armour for 135 gold pieces
 37799 | D:14     | Found Ylerhasa's Armour Shoppe.
 38088 | D:14     | Noticed Frances
 38097 | D:14     | Killed Frances
 38317 | D:14     | Reached XP level 22. HP: 212/214 MP: 22/22
 38926 | Orc:2    | Found a staircase to the Elven Halls.
 38944 | Orc:2    | Found Eshul's Assorted Antiques.
 38995 | Orc:2    | Found Xithrynlu's Antique Armour Emporium.
 39180 | Elf:1    | Entered Level 1 of the Elven Halls
 39192 | Elf:1    | Found Ihuciowk's Weapon Shoppe.
 39280 | Elf:1    | Received a gift from Trog
 39401 | Elf:1    | Found Ugimna's Distillery.
 39406 | Elf:1    | Bought a potion of mutation for 136 gold pieces
 39406 | Elf:1    | Lost mutation: Your spells are a little easier to cast, but a little less powerful. [potion of mutation]
 39406 | Elf:1    | Lost mutation: You are weak. (Str -2) [potion of mutation]
 39406 | Elf:1    | Lost mutation: You can translocate small distances at will. [potion of mutation]
 39406 | Elf:1    | Gained mutation: You are clumsy. (Dex -2) [potion of mutation]
 39406 | Elf:1    | Gained mutation: Your muscles are strong. (Str +2) [potion of mutation]
 39406 | Elf:1    | Gained mutation: Scrolls take you a little longer to read. [potion of mutation]
 39406 | Elf:1    | Gained mutation: You have large cloven feet. [potion of mutation]
 39487 | Elf:1    | Found Ruihyl's Armour Shoppe.
 39542 | Elf:1    | Reached skill level 24 in Shields
 39770 | Elf:1    | Received a gift from Trog
 39847 | Elf:1    | Found Idiotim's Antique Weapon Shop.
 40141 | Elf:2    | Reached skill level 1 in Evocations
 40163 | Elf:2    | Identified a scroll of acquirement
 40174 | Elf:2    | Found a ruined gateway.
 40181 | Desolati | Entered the Desolation of Salt
 40281 | Desolati | Got a transparent battleaxe
 40655 | Desolati | Reached ****** piety under Trog
 40665 | Desolati | Got a crude bone amulet
 40666 | Desolati | Identified Assatti's Guide on Gliding Heat
 40752 | Desolati | Received a gift from Trog
 41123 | Elf:2    | Lost mutation: Your muscles are strong. (Str +2) [potion of mutation]
 41123 | Elf:2    | Lost mutation: Scrolls take you a little longer to read. [potion of mutation]
 41123 | Elf:2    | Lost mutation: You have large cloven feet. [potion of mutation]
 41123 | Elf:2    | Lost mutation: You are clumsy. (Dex -2) [potion of mutation]
 41123 | Elf:2    | Gained mutation: Armour fits poorly on your strangely shaped body. [potion of mutation]
 41123 | Elf:2    | Lost mutation: Armour fits poorly on your strangely shaped body. [potion of mutation]
 41123 | Elf:2    | Gained mutation: You have an increased reservoir of magic. (+10% MP) [potion of mutation]
 41179 | Elf:2    | Found a runed gate.
 41179 | Elf:2    | Found a runed gate.
 41186 | Elf:2    | Found a runed gate.
 41409 | Elf:2    | Received a gift from Trog
 41845 | Elf:2    | Upgraded the game from 0.22-a0-353-g2d6336e to 0.22-a0-354-g30dfbe6
 41913 | Elf:3    | Entered Level 3 of the Elven Halls
 41935 | Elf:3    | Reached XP level 23. HP: 210/225 MP: 26/26
 42197 | Elf:3    | Received a gift from Trog
 42263 | Elf:3    | Identified the amulet "Xoibax" {Harm *Drain Int+4 Dex+4} (You found it in the Desolation of Salt)
 42759 | Elf:3    | Got an ichor-stained hand axe {speed}
 42760 | Elf:3    | Identified the +5 hand axe "Boumoguf" {speed, rElec rC- Int+5} (You took it off a deep elf sorcerer on level 3 of the Elven Halls)
 42772 | Elf:3    | Found the +3 giant club "Skullcrusher" {speed, Str+7}
 42776 | Elf:3    | Identified the Incunabulum of Malediction
 42778 | Elf:3    | Got a pitted triple sword {slice}
 42853 | Elf:3    | Got a pair of twisted gloves
 42864 | Elf:3    | Identified the +1 pair of gloves of Grottiness {rF+ Regen+} (You found it on level 3 of the Elven Halls)
 44007 | D:12     | You fall through a shaft for 3 floors!
 44007 | D:15     | Entered Level 15 of the Dungeon
 44289 | D:15     | Received a gift from Trog
 44299 | D:15     | Got a smoking broad axe {god gift}
 44300 | D:15     | Identified the +3 broad axe of Fear {freeze, +Rage rElec rF+ Dex-2} (Trog gifted it to you on level 15 of the Dungeon)
 44350 | D:15     | Found a staircase to the Depths.
 44763 | D:15     | Noticed Kirke
 44777 | D:15     | Killed Kirke
 45737 | D:11     | Bought a potion of might for 56 gold pieces
 45737 | D:11     | Bought a potion of curing for 42 gold pieces
 46027 | Vaults:4 | You paid a toll of 14 scrolls of teleportation to enter a treasure trove
 46028 | Trove    | Entered a treasure trove
 46100 | Trove    | Got a pitted wooden ring
 46101 | Trove    | Identified the ring "Buerros" {Int+3 Stlth+} (You found it in a treasure trove)
 46594 | Swamp:1  | Entered Level 1 of the Swamp
 46790 | Swamp:1  | Reached skill level 25 in Shields
 47543 | Swamp:2  | Received a gift from Trog
 48849 | Swamp:4  | Entered Level 4 of the Swamp
 49328 | Swamp:4  | Noticed the 27-headed Lernaean hydra
 49355 | Swamp:4  | Killed the 27-headed Lernaean hydra
 49367 | Swamp:4  | Reached XP level 24. HP: 151/238 MP: 26/26
 49479 | Swamp:4  | Got a decaying rune of Zot
 50163 | Crypt:1  | Entered Level 1 of the Crypt
 50176 | Crypt:1  | Received a gift from Trog
 50305 | Crypt:1  | Reached XP level 25. HP: 224/246 MP: 26/26
 51004 | Crypt:2  | Noticed Frederick
 51014 | Crypt:2  | Noticed Mara
 51023 | Crypt:2  | Killed Frederick
 51046 | Crypt:2  | Noticed SkyDiva's illusion
 51096 | Crypt:2  | Killed Mara
 51193 | Crypt:2  | Noticed Xtahua
 51204 | Crypt:2  | Killed Xtahua
 51888 | Crypt:3  | Entered Level 3 of the Crypt
 52000 | Crypt:3  | Received a gift from Trog
 52038 | Crypt:3  | Got a shimmering flail {god gift}
 52039 | Crypt:3  | Identified the +11 flail of Bopnagarph {crush, *Slow rC++ rN+} (Trog gifted it to you on level 3 of the Crypt)
 52399 | Crypt:3  | Noticed Jory
 52401 | Crypt:3  | Noticed Sojobo
 52422 | Crypt:3  | Killed Sojobo
 52435 | Crypt:3  | Killed Jory
 52653 | Crypt:3  | Got an encrusted demon whip {venom}
 52654 | Crypt:3  | Identified the cursed +1 demon whip of Terra Cotta {venom, Int+3} (You took it off a vampire on level 3 of the Crypt)
 52815 | Crypt:3  | Found a basalt altar of Yredelemnul.
 52817 | Crypt:3  | Found an ancient bone altar of Kikubaaqudgha.
 52910 | Crypt:3  | Found the cursed +13 scythe of Curses {drain, *Curse}
 52915 | Crypt:3  | Identified the Collected Works on the Traveller and Beguiling
 53026 | Crypt:3  | Reached skill level 26 in Shields
 53126 | Crypt:3  | Reached XP level 26. HP: 206/258 MP: 26/26
 53128 | Crypt:3  | Found a staircase to the Tomb.
 53135 | Tomb:1   | Entered Level 1 of the Tomb of the Ancients
 53288 | Tomb:1   | Received a gift from Trog
 53726 | Tomb:1   | Noticed a greater mummy
 53739 | Tomb:1   | Killed a greater mummy
 53887 | Tomb:1   | HP: 8/257 [mummy priest/divine providence (9)]
 53942 | Tomb:1   | Noticed a greater mummy
 53957 | Tomb:1   | Killed a greater mummy
 54352 | Tomb:2   | Noticed a greater mummy
 54356 | Tomb:2   | Noticed a greater mummy
 54356 | Tomb:2   | Noticed a greater mummy
 54359 | Tomb:2   | Noticed a greater mummy
 54366 | Tomb:2   | HP: 11/254 [greater mummy/divine providence (10)]
 54367 | Tomb:2   | Noticed a greater mummy
 54371 | Tomb:2   | HP: 8/260 [death scarab[a greater mummy] (7)]
 54377 | Tomb:2   | HP: 5/260 [greater mummy/divine providence (8)]
 54384 | Tomb:2   | HP: 10/259 [death scarab[a greater mummy] (4)]
 54389 | Tomb:2   | HP: 6/256 [ushabti] (5)]
 54391 | Tomb:2   | Engulfed by an ushabti's foul pestilence

Vault maps used:
D:1:      ncdulo_smallfort
D:2:      old_standard_altar, nicolae_overflow_hidden_temple, first_ration,
          serial_glass, glass_columns_b, glass_columns_c, due_unseen_surprise,
          minmay_strange_pillars, minmay_strange_pillars
D:3:      okawaru_gym_becter
D:4:      tgw_trog, enter_ossuary_1, kennysheep_generic_room_16
D:5:      kiku_gazebo_garden_becter, kennysheep_little_box,
          minmay_temple_entry_hall, kennysheep_small_spiral
D:6:      nicolae_dithmenos_the_darkroom, overflow_temple_1_default,
          serial_shops, shop_statue, shop, shop, shop, shop,
          uniq_prince_ribbit1, uniq_crazy_yiuf_cottage, uniq_pikel
D:7:      minitemple
D:8:      cheibrodos_histonic, grunt_ogre_cave, minmay_the_grid_2x2
D:9:      makhleb_heckhound_becter, cheibrodos_worm_habitat, david_orc_5
D:10:     erik_lair_island, basic_altar, minmay_liquid_box
D:11:     serial_shops, shop_statue, kennysheep_potato
D:12:     basic_altar, serial_shops, bzr_entry_water, uniq_erolcha, uniq_urug
D:13:     lightli_vaults_fourway_checkpoint, minmay_misc_feat_iff
D:14:     minmay_expanding_squares, corexii_leaking_fountain, serial_shops,
          shop, nicolae_shop_waterfront, shop, uniq_frances
D:15:     grunt_enter_depths_giant_problem, uniq_kirke
Lair:1:   minmay_guarded_unrand_snakebite, cheibrodos_lair_lostbears,
          infiniplex_staircase_pool
Lair:2:   st_stairs_10, grunt_megastairs_4
Lair:3:   uniq_harold
Lair:4:   cheibrodos_lair_overgrown_chateau, minmay_swamp_entry_swarm,
          minmay_snake_entry_guardpost_small, basic_altar, grunt_megastairs_3
Lair:5:   regret_index_harrowing_hell_hive, minmay_slime_entry_oklob_open
Lair:6:   minmay_lair_end_frog_pond, lemuel_fruit_tree
Swamp:1:  hangedman_swamp_ruin_wall, infiniplex_staircase_pool_2
Swamp:2:  evilmike_swamp_ruin_house_4, swamp_pool3
Swamp:3:  evilmike_swamp_ruin_rubble_2
Swamp:4:  swamp_old_school
Snake:1:  uniq_aizul, uniq_donald, uniq_josephine
Snake:2:  statue_in_the_mist_lemuel, uniq_azrael
Snake:3:  uniq_jorgrun
Snake:4:  grunt_snake_rune_spirals
Orc:1:    serial_shops, nicolae_shop_statue_plus, basic_altar
Orc:2:    pf_orc_diabolical, serial_shops, shop_fountains, shop, shop,
          nicolae_shop_crystal, shop_fountains
Elf:1:    serial_shops, nicolae_shop_window_shopping, shop, nicolae_shop_trees,
          nicolae_shop_waterfront, minmay_elf_demonology, minmay_elf_necromancy
Elf:2:    portal_desolation_entry_nicolae_slug
Elf:3:    minmay_elf_hall_circle
Vaults:1: v_alt_pattern_6, nicolae_vaults_stairing_the_circle, vaults_dpeg_ring,
          v_misc_9, v_pattern_2, nicolae_vaults_little_squares_2, v_misc_24,
          nicolae_vaults_bisected_exclaves, nicolae_vaults_arrows,
          nicolae_vaults_gold_heap, vaults_dpeg_spiral,
          nicolae_vaults_ring_of_whatevers, vaults_room_semicircle,
          serial_shops, shop
Vaults:2: grunt_vaults_focal, nicolae_vaults_network_quinsquares,
          vaults_room_hallway, vaults_room_corners, v_misc_30,
          grunt_vaults_funnel, nicolae_vaults_angled_halls, serial_shops, shop,
          uniq_mennas, uniq_bai_suzhen
Vaults:3: st_cross, nicolae_vaults_back_hallway, v_misc_18, v_misc_10,
          ontoclasm_vaults_hangar, vaults_mumra_hex, nicolae_vaults_what_the_h,
          minmay_crypt_entry_necro_gods, v_misc_14, ontoclasm_vaults_idyll,
          nicolae_vaults_yaktaur_gun_rack, v_misc_12,
          ontoclasm_vaults_loading_screen, serial_shops, shop
Vaults:4: v_alt_pattern_1, nicolae_vaults_twisting_passages,
          ontoclasm_vaults_chip, nicolae_vaults_ninety_degrees,
          grunt_vaults_hallway_short, v_rooms_1, vaults_room_door_ring,
          vaults_standard_mumra_lines, ontoclasm_vaults_spin,
          dpeg_vaults_pockets_of_resistance, vaults_dpeg_encased_lava,
          ontoclasm_vaults_loading_screen, nicolae_vaults_little_squares_3,
          nicolae_trove_entry_path_of_doom
Crypt:1:  glass_columns_b
Crypt:2:  st_stairs_3, uniq_frederick, uniq_xtahua, uniq_mara
Crypt:3:  lightli_unholy_cathedral, tomb_entry_sphere_bobbens, uniq_jory,
          uniq_sojobo
Bazaar:   bazaar_jpeg_ninerooms_4
Trove:    trove_garden
Ossuary:  ossuary_tomb_3

Skill      XL: |  1  2  3  4  5  6  7  8  9 10 11 12 13 14 15 16 17 18 19 20 21 22 23 24 25 26 |
---------------+-------------------------------------------------------------------------------+-----
Fighting       | 3 4 5 6 7 8 9 10 11 12 13 14 15 16 17 18 19 | 19.8
Axes           | 3 5 7 8 |  8.1
Dodging        | 1 2 3 4 5 6 7 8 9 10 11 12 13 14 15 16 17 18 19 | 19.1
Shields        | 4 5 6 7 9 10 12 13 15 17 19 20 21 22 23 24 25 26 | 26.2
Armour         | 4 6 7 8 9 10 11 12 13 14 15 16 17 18 | 18.9
Maces & Flails | 3 5 8 9 11 12 13 14 15 16 17 18 | 18.1
Evocations     | 1 |  1.0

Action                   |  1- 3 |  4- 6 |  7- 9 | 10-12 | 13-15 | 16-18 | 19-21 | 22-24 | 25-27 || total
-------------------------+-------+-------+-------+-------+-------+-------+-------+-------+-------++-------
Melee: War axe           |    97 |   178 |   145 |       |       |       |       |       |       ||   420
       Whip              |       |       |   295 |  1210 |  2495 |  2755 |  3019 |       |       ||  9774
       Sacred scourge    |       |       |       |       |       |   134 |       |       |       ||   134
       Morningstar       |       |       |       |       |       |       |   366 |  1697 |   946 ||  3009
       Flail             |       |       |       |       |       |       |       |       |     9 ||     9
Invok: Trog's Hand       |       |       |     9 |    32 |    50 |    62 |    52 |    39 |    33 ||   277
       Berserk           |       |       |     2 |    14 |     9 |     9 |     2 |     2 |     4 ||    42
       Brothers in Arms  |       |       |       |       |       |     3 |       |       |       ||     3
 Abil: Heal Wounds       |       |     3 |     3 |       |       |     2 |       |       |     3 ||    11
Evoke: Wand              |       |       |       |     4 |       |     2 |       |       |       ||     6
       Lightning rod     |       |       |       |       |       |       |       |     2 |       ||     2
  Use: Scroll            |       |     8 |    10 |     5 |    10 |     7 |    15 |    14 |    12 ||    81
       Potion            |       |     3 |     3 |     4 |     4 |    19 |     3 |     4 |    11 ||    51
 Stab: Invisible         |       |       |       |     2 |       |       |       |       |       ||     2
       Petrified         |       |       |       |       |     5 |       |       |       |       ||     5
       Distracted        |       |       |       |       |     1 |       |     1 |       |       ||     2
       Confused          |       |       |       |       |       |       |       |     1 |       ||     1
  Eat: Chunk             |       |     6 |    12 |    51 |    67 |    39 |    76 |    58 |     6 ||   315
       Ration            |       |       |     1 |     1 |       |     7 |       |       |     9 ||    18
Armor: Chain mail        |    61 |   112 |   142 |    64 |       |       |       |       |       ||   379
       Scale mail        |     1 |       |       |       |    59 |   330 |    62 |       |       ||   452
       Plate armour      |       |       |       |   253 |   252 |       |   215 |       |       ||   720
       Skin              |       |       |       |       |       |    31 |       |       |       ||    31
       Ice dragon scales |       |       |       |       |       |       |     9 |   338 |   220 ||   567
Dodge: Dodged            |    26 |    35 |   101 |   260 |   639 |   905 |   605 |   883 |   625 ||  4079
Block: Shield            |    49 |   108 |   207 |   571 |  1409 |  2068 |  1664 |  1718 |  1059 ||  8853

Table legend:
 A = Spawn XP
 B = Non-spawn XP
 C = Spawn XP percentage of total XP
 D = Spawn monster count
 E = Non-spawn monster count
 F = Spawn count percentage of total count
 G = Total turns spent on level
                    A         B        C        D         E        F      G
               +---------+---------+-------+---------+---------+-------+---------
         Total |       0 | 1211172 |   0.0 |       0 |    2392 |   0.0 | 54391
               +---------+---------+-------+---------+---------+-------+---------
           D:1 |       0 |      42 |   0.0 |       0 |      19 |   0.0 |   640
           D:2 |       0 |     108 |   0.0 |       0 |      17 |   0.0 |   979
           D:3 |       0 |     138 |   0.0 |       0 |      35 |   0.0 |   731
           D:4 |       0 |     367 |   0.0 |       0 |      13 |   0.0 |   440
           D:5 |       0 |     877 |   0.0 |       0 |      18 |   0.0 |   761
           D:6 |       0 |    1939 |   0.0 |       0 |      25 |   0.0 |   787
           D:7 |       0 |    1163 |   0.0 |       0 |      25 |   0.0 |   981
           D:8 |       0 |    5932 |   0.0 |       0 |      51 |   0.0 |  1257
           D:9 |       0 |    1796 |   0.0 |       0 |      46 |   0.0 |   886
          D:10 |       0 |    3188 |   0.0 |       0 |      28 |   0.0 |  1430
          D:11 |       0 |    4296 |   0.0 |       0 |      48 |   0.0 |  1128
          D:12 |       0 |    8328 |   0.0 |       0 |      40 |   0.0 |  1056
          D:13 |       0 |    8841 |   0.0 |       0 |      47 |   0.0 |  1053
          D:14 |       0 |   18668 |   0.0 |       0 |      47 |   0.0 |  1286
          D:15 |       0 |   23887 |   0.0 |       0 |      61 |   0.0 |   815
        Lair:1 |       0 |    7837 |   0.0 |       0 |      38 |   0.0 |  1273
        Lair:2 |       0 |    6010 |   0.0 |       0 |      25 |   0.0 |   953
        Lair:3 |       0 |    4168 |   0.0 |       0 |      17 |   0.0 |  1174
        Lair:4 |       0 |   16163 |   0.0 |       0 |      66 |   0.0 |  1424
        Lair:5 |       0 |   14619 |   0.0 |       0 |      74 |   0.0 |  1295
        Lair:6 |       0 |   18273 |   0.0 |       0 |      70 |   0.0 |  1240
       Swamp:1 |       0 |   16546 |   0.0 |       0 |      44 |   0.0 |   731
       Swamp:2 |       0 |   12961 |   0.0 |       0 |      26 |   0.0 |   754
       Swamp:3 |       0 |   15094 |   0.0 |       0 |      38 |   0.0 |   854
       Swamp:4 |       0 |   25056 |   0.0 |       0 |      36 |   0.0 |   976
       Snake:1 |       0 |   11355 |   0.0 |       0 |      23 |   0.0 |   963
       Snake:2 |       0 |    7980 |   0.0 |       0 |      21 |   0.0 |  1185
       Snake:3 |       0 |   31661 |   0.0 |       0 |      60 |   0.0 |  1496
       Snake:4 |       0 |   68864 |   0.0 |       0 |     130 |   0.0 |  2082
         Orc:1 |       0 |    7031 |   0.0 |       0 |      35 |   0.0 |   819
         Orc:2 |       0 |   22825 |   0.0 |       0 |      93 |   0.0 |  1631
         Elf:1 |       0 |   34828 |   0.0 |       0 |      57 |   0.0 |   975
         Elf:2 |       0 |   60062 |   0.0 |       0 |      70 |   0.0 |  1116
         Elf:3 |       0 |   45501 |   0.0 |       0 |      45 |   0.0 |  1266
      Vaults:1 |       0 |   57833 |   0.0 |       0 |     123 |   0.0 |  2544
      Vaults:2 |       0 |   65089 |   0.0 |       0 |      80 |   0.0 |  1988
      Vaults:3 |       0 |   70446 |   0.0 |       0 |      79 |   0.0 |  1973
      Vaults:4 |       0 |   70784 |   0.0 |       0 |     114 |   0.0 |  2167
      Vaults:5 |       0 |  175403 |   0.0 |       0 |     174 |   0.0 |  3468
       Crypt:1 |       0 |   23492 |   0.0 |       0 |      47 |   0.0 |   794
       Crypt:2 |       0 |   41131 |   0.0 |       0 |      28 |   0.0 |   931
       Crypt:3 |       0 |  100749 |   0.0 |       0 |     100 |   0.0 |  1247
        Tomb:1 |       0 |   52165 |   0.0 |       0 |      61 |   0.0 |  1215
        Tomb:2 |       0 |    1372 |   0.0 |       0 |       2 |   0.0 |    41
       Ossuary |       0 |     183 |   0.0 |       0 |      16 |   0.0 |   200
    Desolation |       0 |   46121 |   0.0 |       0 |      80 |   0.0 |   901
               +---------+---------+-------+---------+---------+-------+---------
